 Dungeon Crawl Stone Soup version 0.27.1-35-g4d5d836560 (console) character file.

Game seed: 12933690715702209894

39 grimtooth the Chiller (level 3, -1/24 HPs)
             Began as a Merfolk Ice Elementalist on May 2, 2022.
             Slain by a black bear (3 damage)
             ... on level 2 of the Dungeon.
             The game lasted 00:07:09 (1450 turns).

grimtooth the Chiller (Merfolk Ice Elementalist)    Turns: 1450, Time: 00:07:09

Health: -1/24      AC:  2    Str:  8    XL:     3   Next: 47%
Magic:  0/6        EV: 12    Int: 15    God:
Gold:   68         SH:  0    Dex: 14    Spells: 2/6 levels left

rFire    . . .     SeeInvis .   h - +1 dagger (venom)
rCold    . . .     Faith    .   (no shield)
rNeg     . . .     Spirit   .   a - +0 robe
rPois    .         Reflect  .   (no helmet)
rElec    .         Harm     .   (no cloak)
rCorr    .         Rampage  .   (no gloves)
Will     .....                  (no boots)
Stlth    ++........             (no amulet)
HPRegen  0.08/turn              (no ring)
MPRegen  0.10/turn              (no ring)

@: no status effects
A: (nimble swimmer 2), mertail
a: no special abilities


You were on level 2 of the Dungeon.
You visited 1 branch of the dungeon, and saw 2 of its levels.

You collected 68 gold pieces.

Inventory:

Hand Weapons
 e - a +0 dagger
 h - a +1 dagger of venom (weapon)
Missiles
 d - 20 stones (quivered)
Armour
 a - a +0 robe (worn)
Scrolls
 b - 2 scrolls of identify {unknown}
 c - a scroll of enchant weapon {unknown}
 i - a scroll of teleportation {unknown}
Potions
 f - a potion of flight {unknown}
 g - a potion of invisibility {unknown}
 j - a potion of attraction {unknown}


   Skills:
 - Level 2.6 Dodging
 + Level 3.1 Stealth
 - Level 2.0 Spellcasting
 * Level 5.3 Ice Magic


You had 2 spell levels left.
You knew the following spells:

 Your Spells              Type           Power      Damage    Failure   Level
a - Freeze                Ice            68%        1d8       2%          1
b - Frozen Ramparts       Ice            34%        1d5       8%          3

Your spell library contained the following spells:

 Spells                   Type           Power      Damage    Failure   Level
 Ozocubu's Armour         Ice            17%        N/A       8%          3
 Hailstorm                Conj/Ice       9%         3d4       58%         4


Dungeon Overview and Level Annotations

Branches:
Dungeon (2/15)

Altars:


Innate Abilities, Weirdness & Mutations

((You are quick and stealthy near water. (Stealth+, EV+, Speed+++)))
Your lower body shifts to a powerful aquatic tail in water.


Message History

The stone closely misses the black bear.
The wall freezes the black bear.
Casting: Frozen Ramparts (quite dangerous; 8% risk of failure)
Confirm with . or Enter, or press ? or * to list all spells.
Aiming: Freeze (safe; 2% risk of failure)
Press: ? - help, Shift-Dir - straight line, f/p - black bear
Aim: a black bear (moderately wounded)
You freeze the black bear.
The black bear is heavily wounded.
The wall freezes the black bear.
The black bear misses you. The black bear claws you.
The black bear claws you but does no damage.
Casting: Freeze (safe; 2% risk of failure)
Confirm with . or Enter, or press ? or * to list all spells.
Aiming: Freeze (safe; 2% risk of failure)
Press: ? - help, Shift-Dir - straight line, f/p - black bear
Aim: a black bear (heavily wounded)
You freeze the black bear.
The black bear is severely wounded.
The wall freezes the black bear.
The black bear bites you. The black bear closely misses you.
The black bear claws you but does no damage.
Casting: Freeze (safe; 2% risk of failure)
Confirm with . or Enter, or press ? or * to list all spells.
Aiming: Freeze (safe; 2% risk of failure)
Press: ? - help, Shift-Dir - straight line, f/p - black bear
Aim: a black bear (severely wounded)
You freeze the black bear.
The black bear is severely wounded.
The wall freezes the black bear.
The black bear goes berserk!
You hit the black bear.
The black bear is poisoned.
The black bear is almost dead.
The frozen ramparts melt away.
The black bear bites you!
* * * LOW HITPOINT WARNING * * *
The black bear closely misses you. The black bear claws you.
* * * LOW HITPOINT WARNING * * *
Enter note: - well crap The black bear bites you but does no damage.
The black bear barely misses you. The black bear claws you.
You die...

##.$.# # ....# #.#
#...# # .. #...# ## ..
#.#######..>##.##.##
#..................#
#...<.(............#
#.<.....(..h@......#
......#########++######
####.. #. .. .# #h


You could see a black bear (berserk, very poisoned).

Vanquished Creatures
  A gnoll (D:1)
  A dart slug (D:1)
  3 endoplasms (D:1)
  2 goblins (D:1)
  4 hobgoblins (D:1)
  A quokka (D:1)
  3 ball pythons (D:1)
  2 bats (D:1)
  5 frilled lizards (D:1)
  2 kobolds (D:1)
  4 rats (D:1)
28 creatures vanquished.

Notes
Turn   | Place    | Note
-------+----------+-------------------------------------------
     0 | D:1      | grimtooth the Merfolk Ice Elementalist began the quest for
                  | the Orb.
     0 | D:1      | Reached XP level 1. HP: 13/13 MP: 3/3
   274 | D:1      | Reached XP level 2. HP: 19/19 MP: 3/5
   399 | D:1      | Found a faded altar of an unknown god.
   558 | D:1      | Reached skill level 5 in Ice Magic
   775 | D:1      | Reached XP level 3. HP: 10/24 MP: 4/6
   844 | D:1      | Learned a level 3 spell: Frozen Ramparts
  1431 | D:2      | Noticed a black bear
  1450 | D:2      | - well crap
  1450 | D:2      | Slain by a black bear

Illustrated notes

##.$.# # ....# #.#
#...# .. #...# ## .
#.#######..>##.##.#
#..................
#...<.(............
#.<.....(.h@.......
......#########++#####
####.. #. .. .# #h


Turn 1450 on D:2: - well crap

Levels and vault maps discovered:
D:1:      amcnicky_arrival_abandoned_market, layout_loops_corners,
          chequers_ecumenical_altar_simple
D:2:      kennysheep_big_flooded_room, layout_loops_cross, minmay_quantized

Skill      XL: |  1  2 |
---------------+-------+-----
Ice Magic      | 5 |  5.3
Stealth        | 3 |  3.1
Dodging        | |  2.6
Spellcasting   | |  2.0

Action                   || total
-------------------------++-------
Melee: Dagger            ||     4
Throw: Stone             ||    56
 Cast: Freeze            ||    45
       Frozen Ramparts   ||     1
Armor: Robe              ||     5
Dodge: Dodged            ||    25
